AoeStats
← Cinnamoroll

Arena

506466393Analyzed
4v4 RM · 19d ago on Sep 13, 2026· 11m 56s· 8 players
Game mode
Random Map
Map size
Large (8 player)
Population
200
Speed
Normal
Resources
Standard
Victory
Conquest
Starting age
Dark Age
Ending age
Imperial Age
RankedLock teamsTeams togetherTeam positionsShared explorationLock speedFull tech treeHidden civsTurbo modeCheats
Victory
Defeat
🇨🇦 Spanish · Canada
1530
+12
🇨🇴 Mongols · Colombia
1456
+15
🇺🇸 Slavs · United States
1416
+16
🇧🇷 Ethiopians · Brazil
1397
+18
🇺🇸 Turks · United States
1446
-16
🇨🇳 Berbers · China
1446
-16
🇩🇪 Teutons · Germany
1444
-16
🇪🇸 Spanish · Spain
1370
-13
Curly
11:06 Feudal Age
hermelin*?
6:38 Loom
9:05 Feudal Age
DK_Grunchito
7:28 Loom
11:21 Feudal Age
网恋被骗50块
10:44 Feudal Age
mikeymazko
10:32 Feudal Age
11:16 Double-Bit Axe
14:33 Castle Age
Cinnamoroll
7:29 Loom
EL TIGRE ABELARDO
11:06 Feudal Age
11:49 Double-Bit Axe
Karzul
10:42 Feudal Age
14:19 Castle Age
Connection lost

Rejoining the realm…

Still unreachable

The connection could not be restored.

Session expired

The server has moved on; the page needs a fresh start.